 Dungeon Crawl Stone Soup version 0.29.1-1-gd02db69 (webtiles) character file.

Game seed: 1434056975435176762

4005 Kel the Grappler (level 10, -4/102 HPs)
             Began as a Troll Fighter on Jan 26, 2023.
             Was an Initiate of Gozag.
             Killed from afar by an electric eel (11 damage)
             ... with a bolt of electricity
             ... on level 7 of the Dungeon.
             The game lasted 00:11:12 (5782 turns).

Kel the Grappler (Troll Fighter)                    Turns: 5782, Time: 00:11:12

Health: -4/102     AC:  4    Str: 30    XL:     10   Next: 3%
Magic:  9/9        EV:  9    Int: 10    God:    Gozag
Gold:   1429       SH:  7    Dex:  9    Spells: 9/9 levels left

rFire   . . .      SeeInvis .     - Unarmed
rCold   . . .      Faith    .   b - +0 kite shield
rNeg    . . .      Spirit   .   a - +0 robe
rPois   .          Reflect  .   (helmet restricted)
rElec   .          Harm     .   (no cloak)
rCorr   .          Rampage  .   (gloves unavailable)
Will    .....                   (boots unavailable)
Stlth   +.........              f - amulet of the acrobat
HPRegen 1.07/turn               t - +6 ring of intelligence
MPRegen 0.11/turn               (no ring)

@: gold aura, studying Spellcasting
A: large, unfitting armour, claws 3, regeneration 1, shaggy fur 1, tough skin 1
a: Renounce Religion, Potion Petition, Call Merchant, Bribe Branch


You were on level 7 of the Dungeon.
You worshipped Gozag.
Gozag was most pleased with you.
You visited 1 branch of the dungeon, and saw 7 of its levels.

You collected 1429 gold pieces.

Inventory:

Armour
 a - a +0 robe (worn)
 b - a +0 kite shield (worn)
Jewellery
 f - an amulet of the acrobat (around neck)
 t - a +6 ring of intelligence (left claw)
Scrolls
 e - a scroll of amnesia
 k - 2 scrolls of teleportation {unknown}
 o - a scroll of torment {unknown}
 p - a scroll of noise {unknown}
 q - 8 scrolls of identify
 r - 2 scrolls of butterflies {unknown}
 s - a scroll of enchant weapon {unknown}
 w - a scroll of vulnerability {unknown}
Potions
 c - 2 potions of might
 d - 2 potions of heal wounds {unknown}
 g - a potion of flight {unknown}
 h - 2 potions of degeneration {unknown}
 i - 2 potions of mutation {unknown}
 j - 6 potions of curing {unknown}
 l - 2 potions of attraction {unknown}
 m - a potion of experience {unknown}
 n - 2 potions of lignification {unknown}
 u - a potion of haste {unknown}
 v - a potion of ambrosia {unknown}


   Skills:
 + Level 7.3 Fighting
 + Level 3.7 Dodging
 + Level 4.0 Shields
 + Level 11.2 Unarmed Combat


You had 9 spell levels left.
You didn't know any spells.
Your spell library contained the following spells:

 Spells                   Type           Power      Damage    Failure   Level
 Gell's Gravitas          Tloc           0%         N/A       95%         3
 Teleport Other           Tloc           0%         N/A       95%         3
 Olgreb's Toxic Radiance  Pois           0%         N/A       100%        4
 Dispersal                Tloc           0%         N/A       100%        6
 Ozocubu's Refrigeration  Ice            0%         4d7       100%        7
 Ignition                 Fire           0%         3d3       100%        8


Dungeon Overview and Level Annotations

Branches:
Dungeon (7/15)
 Temple: D:4-7

Altars:
Cheibriados
Dithmenos
Elyvilon
Gozag
Hepliaklqana
Ru
Sif Muna
Trog

Shops:
D:3 **!=


Innate Abilities, Weirdness & Mutations

You are too large for most types of armour.
You have claws for hands.
Your natural rate of healing is unusually fast.
You are covered in fur. (AC +1)
You have tough skin. (AC +1)


Message History

The sky beast barely misses you.
You closely miss the sky beast.
The sky beast is almost dead.
You barely miss the sky beast.
The sky beast is almost dead.
You block the sky beast's attack.
An electric eel comes into view. x2
You barely miss the sky beast.
The sky beast is almost dead.
The sky beast closely misses you.
The electric eel shoots out a bolt of lightning at you!
The bolt of electricity misses you.
The electric eel shoots out a bolt of lightning at you!
The bolt of electricity hits you!
You are too injured to fight recklessly!
You are too injured to fight recklessly!
You mangle the sky beast!!
You kill the sky beast!
The electric eel shoots out a bolt of lightning at you!
The bolt of electricity hits you.
The electric eel shoots out a bolt of lightning at you!
The bolt of electricity hits you.
The electric eel shoots out a bolt of lightning at you!
The bolt of electricity hits you!
The electric eel shoots out a bolt of lightning at you!
The bolt of electricity hits you!
The electric eel shoots out a bolt of lightning at you!
The bolt of electricity hits you!
* * * LOW HITPOINT WARNING * * *
The electric eel shoots out a bolt of lightning at you!
The bolt of electricity hits you!
* * * LOW HITPOINT WARNING * * *
The electric eel shoots out a bolt of lightning at you!
The bolt of electricity hits you!
* * * LOW HITPOINT WARNING * * *
As you open the door, it creaks loudly!
The electric eel shoots out a bolt of lightning at you!
The bolt of electricity hits you!
You die...
Your body crumbles into a pile of gold.

...###### #...≈≈≈≈.S~
##...##.#
#...SS~~.....
........#
#.#.......≈~~
####.##.#
#...~~≈~~.~≈≈ #.##.#
#...≈≈≈≈~.~≈≈ #..#.##
#...~≈≈≈≈.~≈≈ ##
##.)..###...$~~~~.≈~~
.#
###...##.......^....
.# #.#.......@......#
.# #.###..####'######
.# #.# ##(.## .# .#
#.# ##..# .# .# #.#
##.# .#
.######.######.##.#
.'[.....#.........#
.########.####.##..#
.# #.####.###.#


You could see 2 electric eels.

Vanquished Creatures
  Pikel (D:4)
  A cyclops (D:6)
  5 yaks (D:5)
  3 water moccasins
  A sky beast (D:7)
  3 ogres
  2 black bears
  2 centaurs
  A kobold brigand (D:6)
  3 necrophages
  2 bullfrogs (D:6)
  4 scorpions
  8 hounds
  4 jellies
  2 orc priests
  Jessica (D:2)
  3 iguanas
  Robin (D:3)
  4 gnolls (D:7)
  9 adders
  2 shadow imps
  3 white imps
  2 ufetubi
  A worm (D:3)
  3 dart slugs
  14 orcs
  3 ball pythons
  12 bats
  8 endoplasms
  5 giant cockroaches
  16 goblins
  7 hobgoblins
  9 jackals
  7 kobolds
  5 quokkas
  6 frilled lizards
  4 rats
167 creatures vanquished.

Notes
Turn   | Place    | Note
-------+----------+-------------------------------------------
     0 | D:1      | Kel the Troll Fighter began the quest for the Orb.
     0 | D:1      | Reached XP level 1. HP: 22/22 MP: 0/0
   164 | D:1      | Reached XP level 2. HP: 29/29 MP: 1/1
   512 | D:1      | Found a faded altar of an unknown god.
   530 | D:1      | Found a faded altar of an unknown god.
   538 | D:1      | Prayed at the altar of an unknown god.
   538 | D:1      | Became a worshipper of Gozag Ym Sagoz the Greedy
   690 | D:2      | Reached skill level 3 in Unarmed Combat
   740 | D:2      | Reached XP level 3. HP: 36/36 MP: 2/2
   770 | D:2      | Noticed Jessica
   774 | D:2      | Killed Jessica
   954 | D:2      | Reached XP level 4. HP: 45/45 MP: 3/3
  1303 | D:2      | Found a sacrificial altar of Ru.
  1361 | D:3      | You fall into a shaft and drop 2 floors!
  1361 | D:5      | Entered Level 5 of the Dungeon
  1361 | D:5      | Found a shadowy altar of Dithmenos.
  1389 | D:4      | Noticed Pikel
  1389 | D:4      | Noticed a lemure
  1389 | D:4      | Noticed a lemure
  1401 | D:4      | Reached skill level 4 in Unarmed Combat
  1405 | D:4      | Noticed a lemure
  1423 | D:4      | Noticed a lemure
  1429 | D:4      | Killed Pikel
  1430 | D:4      | Reached skill level 6 in Unarmed Combat
  1430 | D:4      | Reached XP level 5. HP: 14/55 MP: 4/4
  1430 | D:4      | Reached XP level 6. HP: 16/63 MP: 5/5
  1430 | D:4      | Reached XP level 7. HP: 18/71 MP: 6/6
  1769 | D:3      | Found Nabaas's Distillery.
  1849 | D:3      | Found Kaoni's Jewellery Boutique.
  1880 | D:3      | Found Qecuzuic's General Store.
  1970 | D:3      | Noticed Robin
  1982 | D:3      | Found Usaath's Assorted Antiques.
  2022 | D:3      | Killed Robin
  2291 | D:3      | Reached skill level 7 in Unarmed Combat
  3249 | D:5      | Reached skill level 5 in Fighting
  3310 | D:5      | Noticed a yak
  3310 | D:5      | Noticed a yak
  3310 | D:5      | Noticed a yak
  3310 | D:5      | Noticed a yak
  3317 | D:5      | Killed a yak
  3318 | D:5      | Reached skill level 8 in Unarmed Combat
  3318 | D:5      | Reached XP level 8. HP: 73/80 MP: 7/7
  3338 | D:5      | Reached skill level 9 in Unarmed Combat
  3853 | D:5      | Reached XP level 9. HP: 60/89 MP: 8/8
  3865 | D:5      | Reached skill level 10 in Unarmed Combat
  4259 | D:6      | Found a shimmering blue altar of Sif Muna.
  4297 | D:6      | Found a snail-covered altar of Cheibriados.
  4388 | D:6      | Identified the +9 hand axe "Yviowur" {freeze, rC+ rCorr}
  4439 | D:6      | Found a hazy altar of Hepliaklqana.
  4445 | D:6      | Found a white marble altar of Elyvilon.
  4450 | D:6      | Found a bloodstained altar of Trog.
  4565 | D:6      | Identified the +5 ring mail of Ylaniume {rElec MP+9 Str+4}
  4876 | D:6      | Noticed a cyclops
  4884 | D:6      | Killed a cyclops
  4885 | D:6      | Reached skill level 11 in Unarmed Combat
  5534 | D:7      | Reached XP level 10. HP: 87/102 MP: 9/9
  5780 | D:7      | HP: 5/102 [electric eel/bolt of electricity (12)]
  5782 | D:7      | Killed from afar by an electric eel

Illustrated notes

Levels and vault maps discovered:
D:1:      giann_wishing_wells, layout_basic,
          hellmonk_ecumenical_altar_the_god_not_taken
D:2:      layout_basic, basic_altar, uniq_jessica
D:3:      layout_loops_cross, cheibrodos_sewer_entry_bend, serial_shops, shop,
          shop, shop, nicolae_shop_behind_doors, st_stairs_12,
          grunt_ministairs_9, uniq_robin
D:4:      layout_loops_ring, chequers_serial_rivers_large_a, uniq_pikel
D:5:      minmay_chambers_of_threes, layout_basic, mainiacjoe_overflow_brackets
D:6:      layout_layer_cave, mainiacjoe_overflow_chevrons,
          general_overflow_altar, minmay_overflow_temple_star_quad,
          minmay_manual_monstrance
D:7:      layout_basic, minmay_temple_entry_statues_fountains, enter_bailey_4,
          minivault_14, dreamdust_princess_bridge

Skill      XL: |  1  2  3  4  5  6  7  8  9 |
---------------+----------------------------+-----
Unarmed Combat | 3 6 8 9 11 | 11.2
Fighting       | 3 4 5 6 7 |  7.3
Shields        | 4 |  4.0
Dodging        | 3 |  3.7

Action                   |  1- 3 |  4- 6 |  7- 9 | 10-12 || total
-------------------------+-------+-------+-------+-------++-------
Melee: Unarmed           |    75 |    24 |   319 |    21 ||   439
  Use: Scroll            |       |       |     1 |       ||     1
 Stab: Distracted        |       |       |     3 |       ||     3
       Sleeping          |       |       |       |     1 ||     1
Armor: Robe              |    28 |     3 |    63 |     1 ||    95
Dodge: Dodged            |    24 |     6 |   109 |     6 ||   145
Block: Kite shield       |    25 |     7 |   101 |     5 ||   138
